 Dungeon Crawl Stone Soup version 0.21-a0-331-gfb491b4 (webtiles) character file.

144667 JackS81 the Severer (level 16, 0/232 HPs)
             Began as a Minotaur Berserker on Oct 1, 2017.
             Was a High Priest of Trog.
             Hit by a tomahawk thrown by a merfolk (1 damage)
             ... on level 4 of the Shoals on Oct 2, 2017.
             The game lasted 03:21:44 (29684 turns).

JackS81 the Severer (Minotaur Berserker)           Turns: 29684, Time: 03:21:45

Health: 0/232      AC: 24    Str: 37    XL:     16   Next: 85%
Magic:  9/9        EV: 15    Int:  4    God:    Trog [*****.]
Gold:   1136       SH:  0    Dex: 10    Spells: 15/15 levels left

rFire    . . .     SeeInvis .   Y - +4 battleaxe of Change {antimagic, rPois rN+ Str+3}
rCold    + . .     Gourm    .   (shield currently unavailable)
rNeg     + + .     Faith    +   v - +5 plate armour "Qarch" {+Fly rN+}
rPois    +         Spirit   .   (helmet restricted)
rElec    +         Reflect  .   M - scarf {cloud immunity}
rCorr    .         Harm     .   t - +0 pair of gloves of Prudence {+Inv rElec rC+ MP+9}
MR       ++...     Clarity  +   (no boots)
Stlth    ..........             z - amulet of faith
HPRegen  0.48/turn              d - ring of flight
MPRegen  0.11/turn              s - ring of protection from magic

@: berserking (expiring), lethally poisoned (0 -> -4), flying, very quick
A: retaliatory headbutt, horns 2, clarity
a: Berserk, Trog's Hand, Brothers in Arms, Burn Spellbooks, Renounce Religion,
Evoke Invisibility, Stop Flying


You were on level 4 of the Shoals.
You worshipped Trog.
Trog was extremely pleased with you.
You were hungry.

You visited 4 branches of the dungeon, and saw 27 of its levels.
You also visited: Labyrinth, Sewer and Bailey.

You collected 2689 gold pieces.
You spent 1553 gold pieces at shops.

Inventory:

Hand Weapons
 b - a +3 battleaxe of flaming
 J - the +11 war axe "Wipp" {freeze, *Corrode rPois rN+ Str+4}
   (You found it on level 6 of the Dungeon)

   It has been specially enchanted to freeze those struck by it, causing extra
   injury to most foes and up to half again as much damage against particularly
   susceptible opponents.
   It can also slow down cold-blooded creatures.
   It affects your strength (+4).
   It protects you from poison.
   It protects you from negative energy.
   It may corrode you when you take damage.
 K - the +9 broad axe of Fate {chop, *Corrode +Rage Int+3}
   (You took it off a minotaur in a labyrinth)

   It inflicts extra damage upon your enemies.
   It affects your intelligence (+3).
   It lets you go berserk.
   It may corrode you when you take damage.
 Y - the +4 battleaxe of Change (weapon) {antimagic, rPois rN+ Str+3}
   (Trog gifted it to you on level 2 of the Shoals)

   It reduces the magical energy of the wielder, and disrupts the spells and
   magical abilities of those hit.
   Natural abilities and divine invocations are not affected.
   It affects your strength (+3).
   It protects you from poison.
   It protects you from negative energy.
Missiles
 T - 13 silver tomahawks (quivered)
Armour
 e - a scarf of repulsion
 i - +0 ice dragon scales
 m - a +0 plate armour of fire resistance
 t - the +0 pair of gloves of Prudence (worn) {+Inv rElec rC+ MP+9}
   (You bought it in a shop on level 2 of the Orcish Mines)

   It protects you from cold.
   It insulates you from electricity.
   It affects your magic capacity (+9).
   It lets you turn invisible.
 v - the +5 plate armour "Qarch" (worn) {+Fly rN+}
   (You bought it in a shop on level 2 of the Orcish Mines)

   It protects you from negative energy.
   It lets you fly.
 M - a scarf of cloud immunity (worn)
 U - a +2 cloak
Jewellery
 a - a +5 ring of strength
 d - a ring of flight (left hand)
 s - a ring of protection from magic (right hand)
 z - an amulet of faith (around neck)
 S - a +4 ring of evasion
 V - an uncursed ring of poison resistance
 X - an uncursed ring of resist corrosion
 Z - an uncursed ring of ice
Wands
 y - a wand of lightning (14/15)
 A - a wand of iceblast (6/15)
 L - a wand of acid (5/15)
 N - a wand of flame (13/48)
 P - a wand of digging (15/24)
Scrolls
 f - 9 scrolls of identify
 n - a scroll of fear
 o - 5 scrolls of magic mapping
 q - 5 scrolls of remove curse
 w - 6 scrolls of fog
 B - 5 scrolls of recharging
 H - 11 scrolls of teleportation
 I - a scroll of brand weapon
 Q - a scroll of blinking
 R - 6 scrolls of enchant armour
Potions
 h - 6 potions of flight
 j - 2 potions of invisibility
 k - 12 potions of curing
 l - 4 potions of haste
 p - 9 potions of mutation
 r - 5 potions of might
 u - 4 potions of ambrosia
 C - 8 potions of magic
 D - 3 potions of cancellation
 F - 5 potions of lignification
 G - 2 potions of resistance
 O - 10 potions of agility
Comestibles
 c - 16 bread rations
 g - 13 meat rations
 x - 12 royal jellies
 E - 3 chunks of flesh
 W - 12 fruits


   Skills:
 + Level 17.4 Fighting
 + Level 19.9 Axes
 + Level 16.4 Armour
 * Level 13.4 Dodging
 * Level 7.1 Evocations


You had 15 spell levels left.
You didn't know any spells.

Dungeon Overview and Level Annotations

Branches:
Dungeon (15/15)            Temple (0/1) D:7            Lair (6/6) D:8
 Shoals (4/4) Lair:4       Spider (0/4) Lair:3        Slime (0/5) Lair:5
    Orc (2/2) D:11            Elf (0/3) Orc:2        Vaults (0/5) D:14
 Depths (0/5) D:15

Altars:
Elyvilon
Hepliaklqana
Makhleb
Okawaru
Qazlal
Trog
Wu Jian
Xom
Beogh

Shops:
D:5 %!   D:8 !   Orc:1 ?   Orc:2 [[*   Shoals:2 *


Innate Abilities, Weirdness & Mutations

You reflexively headbutt those who attack you in melee.
You have a pair of horns on your head.
You possess an exceptional clarity of mind.


Message History

You kill the wind drake!
Trog accepts your kill.
You feel sick.
You feel sick.
The barnacled rune of Zot is a mimic!
The barnacled rune of Zot mimic chuckles and vanishes in a puff of smoke!
The merfolk throws a tomahawk.
The tomahawk misses you.
The tomahawk closely misses the merfolk javelineer.
You hear a splash.
The merfolk hits you with a trident!
* * * LOW HITPOINT WARNING * * *
The merfolk javelineer throws a javelin.
The javelin hits you but does no damage.
You hear a splash.
Items here: (( ) [ †† You slice the merfolk javelineer like a ripe choko!!!
The merfolk javelineer is severely wounded.
Your plate armour "Qarch" prevents you from hitting the merfolk.
* * * LOW HITPOINT WARNING * * *
You feel sick.
The merfolk throws a tomahawk.
The tomahawk hits you.
You die...

........≈≈≈.. ..%.....≈≈≈≈.
.........≈≈≈. ....≈.....≈..
##+## ....≈≈....≈≈. ≈≈P≈≈
##..(## ...≈≈....#...
≈≈≈≈≈≈P.#.....# .≈≈≈≈....##..
≈≈≈≈≈≈≈≈#..m..# ≈≈≈≈≈≈≈≈...≈≈
≈≈≈≈PPPP#m))@m#P≈≈≈≈≈≈≈≈≈..≈≈
≈≈≈P≈≈PP##((†##≈≈≈≈≈≈≈≈≈≈≈≈≈≈
≈≈≈≈≈P≈PP##(##≈≈≈≈≈≈≈≈≈≈≈≈≈≈≈
≈≈≈≈≈PPPP≈≈≈(≈≈≈≈≈≈≈≈≈≈≈≈≈≈≈≈≈
≈≈≈≈≈≈≈PPP≈≈≈.P...≈≈≈≈≈≈≈≈≈≈≈≈≈
≈≈≈≈≈≈≈P≈P(≈.P.^.PP.≈≈≈P≈≈≈≈≈≈≈≈
≈≈≈≈≈≈≈P≈≈≈..P..P..P≈≈...≈≈≈≈≈≈≈
≈≈≈≈≈≈≈≈≈≈...........≈≈##.≈≈≈≈≈≈
≈≈≈≈≈≈≈≈≈≈...........≈≈≈..≈..≈≈≈


You could see a merfolk javelineer and 2 merfolk.

Vanquished Creatures
  Polyphemus (Shoals:4)
  Kirke (Lair:6)
  A frost giant (D:15)
  The ghost of cirnu the Spear-Bearer, a journeyman DsAK of Lugonu (Orc:2)
  Azrael (D:15)
  7 merfolk javelineers (Shoals:4)
  A fire dragon (shapeshifter) (D:14)
  2 merfolk impalers
  An ice dragon (Lair:6)
  4 hydras
  5 merfolk avatars
  2 satyrs (Shoals:2)
  4 centaur warriors
  A catoblepas (Shoals:4)
  2 merfolk aquamancers (Shoals:1)
  2 alligator snapping turtles
  3 two-headed ogres
  7 death yaks
  A tengu warrior (D:11)
  4 orc high priests (Orc:2)
  2 unseen horrors
  9 skeletal warriors
  14 sea snakes
  3 lindwurms
  5 harpies (Shoals:2)
  4 orc knights (Orc:2)
  A harpy (shapeshifter) (D:13)
  2 orc sorcerers (Orc:2)
  3 deep elf magi
  6 fauns
  8 cyclopes
  9 ugly things
  13 manticores
  5 merfolk sirens
  Maurice (Orc:2)
  2 centaur zombies
  4 torpor snails (Lair:6)
  5 elephants (Lair:6)
  9 spiny frogs
  4 gargoyles
  3 water nymphs
  6 black mambas
  A yaktaur (D:15)
  5 komodo dragons
  4 red devils (D:12)
  A demonic crawler (Lair:3)
  2 trolls
  The ghost of GordonOverkill the Chopper, an amateur MiAK of Lugonu (D:4)
  A harpy zombie (Shoals:4)
  11 wind drakes
  3 tyrant leeches (Lair:6)
  24 merfolk
  6 hornets (Lair:6)
  7 snapping turtles
  4 slime creatures
  20 blink frogs
  13 hippogriffs
  A centaur simulacrum (D:14)
  An air elemental (D:14)
  A tarantella (shapeshifter) (D:15)
  2 vampires
  2 shadows
  A wyvern (D:10)
  9 water elementals
  27 yaks
  A wraith (D:12)
  3 fire elementals
  A golden eye (shapeshifter) (D:14)
  5 hogs (Lair:6)
  4 basilisks
  7 hungry ghosts
  10 vampire mosquitoes
  A warg (Orc:2)
  Menkaure (D:7)
  3 acid dragons
  9 water moccasins
  Duvessa (D:7)
  2 hell hounds (D:15)
  12 porcupines
  35 orc warriors
  3 ice beasts
  A black bear (shapeshifter) (D:13)
  8 sky beasts
  2 black bears
  A necrophage (D:7)
  A phantom (D:4)
  2 eyes of draining
  9 wolves
  4 ogres
  10 centaurs
  14 crocodiles
  4 big kobolds
  An earth elemental (D:14)
  16 bullfrogs
  Dowan (D:7)
  A wyvern skeleton (D:14)
  5 scorpions
  3 killer bees (D:9)
  14 wights
  An electric eel (Lair:1)
  3 howler monkeys (D:9)
  6 crimson imps
  4 bullfrog zombies
  4 jellies
  5 hounds
  3 bullfrog skeletons
  7 centaur skeletons
  30 orc priests
  2 iguanas
  21 orc wizards
  2 hell rats (Lair:1)
  12 worker ants
  A hound skeleton (D:10)
  2 worker ant zombies (D:5)
  A howler monkey skeleton (D:7)
  23 gnolls
  12 river rats
  26 adders
  5 shadow imps
  3 oozes
  An adder skeleton (D:4)
  An adder zombie (D:7)
  9 worms
  5 dart slugs
  4 leopard geckos
  88 orcs
  4 ball pythons
  9 giant cockroaches
  16 hobgoblins
  6 jackals
  4 quokkas
  A ball python skeleton (D:4)
  4 bats
  5 frilled lizards
  11 goblins
  31 kobolds
  A quokka skeleton (D:4)
  11 rats
  A fungus (Lair:5)
  17 plants
913 creatures vanquished.

Vanquished Creatures (collateral kills)
  A merfolk javelineer (Shoals:4)
  A minotaur (Lab)
  A merfolk avatar (Shoals:4)
  A two-headed ogre (D:14)
  A tengu warrior (D:15)
  2 orc high priests (Orc:2)
  Sonja (D:12)
  A slime creature (D:14)
  6 ugly things (D:14)
  A torpor snail (Lair:6)
  A gargoyle (D:15)
  A komodo dragon (D:15)
  3 merfolk (Shoals:4)
  A tyrant leech (Lair:6)
  A tengu conjurer (D:15)
  2 snapping turtles (Shoals:4)
  A soldier ant (D:14)
  3 hell hounds (D:15)
  5 orc warriors (Orc:2)
  An eye of draining (D:14)
  2 ogres
  A jelly (D:12)
  An orc wizard (Orc:2)
  3 orc priests (Orc:2)
  2 gnolls (Bailey)
  4 orcs (Orc:2)
48 creatures vanquished.

Vanquished Creatures (others)
  An orc priest (D:4)
  2 orc wizards
  An adder (D:4)
  An ooze (D:4)
  2 worms (D:4)
  2 orcs (D:4)
  3 fungi
  30 plants
42 creatures vanquished.

Grand Total: 1003 creatures vanquished

Notes
Turn   | Place    | Note
-------+----------+-------------------------------------------
     0 | D:1      | JackS81 the Minotaur Berserker began the quest for the Orb.
     0 | D:1      | Reached XP level 1. HP: 19/19 MP: 0/0
    39 | D:1      | Reached skill level 4 in Axes
   106 | D:1      | Reached XP level 2. HP: 26/26 MP: 1/1
   188 | D:1      | Reached ** piety under Trog
   382 | D:1      | Reached skill level 5 in Axes
   382 | D:1      | Reached XP level 3. HP: 25/31 MP: 2/2
   652 | D:2      | Reached XP level 4. HP: 38/40 MP: 3/3
  1123 | D:2      | Reached skill level 6 in Axes
  1128 | D:2      | Found a burning altar of Makhleb.
  1530 | D:3      | Reached XP level 5. HP: 30/46 MP: 4/4
  1766 | D:3      | Reached *** piety under Trog
  1826 | D:3      | Reached skill level 7 in Axes
  2086 | D:3      | HP: 2/46 [orc/wand of lightning (?/15) (9)]
  2209 | D:3      | Reached XP level 6. HP: 45/52 MP: 5/5
  2496 | D:4      | Found a shimmering altar of Xom.
  2523 | D:4      | Reached skill level 8 in Axes
  2588 | D:4      | Noticed GordonOverkill's ghost (amateur MiAK)
  2603 | D:4      | Killed GordonOverkill's ghost
  2603 | D:4      | Reached XP level 7. HP: 47/60 MP: 6/6
  2705 | D:4      | Reached skill level 9 in Axes
  2800 | D:4      | Found a glowing drain.
  2816 | Sewer    | Entered a sewer
  3052 | Sewer    | Reached **** piety under Trog
  3150 | Sewer    | Reached skill level 5 in Fighting
  3434 | D:4      | Reached XP level 8. HP: 68/68 MP: 7/7
  3475 | D:4      | Reached skill level 10 in Axes
  3621 | D:5      | Entered Level 5 of the Dungeon
  3872 | D:5      | Found Vecoup's Food Boutique.
  3994 | D:5      | Found Fietijah's Distillery.
  4006 | D:5      | Bought a potion of curing for 39 gold pieces
  4006 | D:5      | Bought a potion of might for 52 gold pieces
  4397 | D:5      | Reached skill level 5 in Armour
  4758 | D:6      | HP: 2/68 [sky beast (5)]
  4766 | D:6      | HP: 2/68 [something (6)]
  4771 | D:6      | Gained mutation: You possess an exceptional clarity of mind. [mutagenic meat]
  5138 | D:6      | Reached skill level 11 in Axes
  5451 | D:6      | Got a pitted war axe
  5747 | D:7      | Reached skill level 12 in Axes
  5769 | D:7      | Reached XP level 9. HP: 65/75 MP: 8/8
  6046 | D:7      | Found a flagged portal.
  6080 | Bailey   | Entered a bailey
  6159 | Bailey   | Reached ***** piety under Trog
  6385 | Bailey   | Reached skill level 13 in Axes
  6559 | D:7      | Noticed Duvessa
  6563 | D:7      | Killed Duvessa
  6564 | D:7      | Noticed Dowan
  6571 | D:7      | Killed Dowan
  6607 | D:7      | Identified the +11 war axe "Wipp" {freeze, *Corrode rPois rN+ Str+4} (You found it on level 6 of the Dungeon)
  6638 | D:7      | Found a shimmering altar of Xom.
  6638 | D:7      | Found a stormy altar of Qazlal.
  6638 | D:7      | Found an ornate altar of the Wu Jian Council.
  6638 | D:7      | Found an iron altar of Okawaru.
  6647 | D:7      | Found a hazy altar of Hepliaklqana.
  6656 | D:7      | Found a bloodstained altar of Trog.
  6861 | D:7      | Found a staircase to the Ecumenical Temple.
  7025 | D:7      | Noticed Menkaure
  7033 | D:7      | Killed Menkaure
  7159 | D:8      | Reached skill level 14 in Axes
  7166 | D:8      | Reached XP level 10. HP: 84/84 MP: 9/9
  7232 | D:8      | Found a staircase to the Lair.
  7477 | D:8      | Noticed a two-headed ogre
  7484 | D:8      | Killed a two-headed ogre
  7618 | D:8      | Found Xiudd's Distillery.
  7629 | D:8      | Bought a potion of cancellation for 112 gold pieces
  7659 | D:8      | Noticed a gargoyle
  7664 | D:8      | Killed a gargoyle
  7674 | D:8      | You fall through a shaft for 3 floors!
  7769 | D:11     | Received a gift from Trog
  7772 | D:10     | Entered Level 10 of the Dungeon
  7797 | D:10     | Upgraded the game from 0.21-a0-324-gfc3775b to 0.21-a0-331-gfb491b4
  7836 | D:10     | Noticed a two-headed ogre
  7847 | D:10     | Killed a two-headed ogre
  7847 | D:10     | Reached skill level 15 in Axes
  7868 | D:10     | Noticed a two-headed ogre
  7884 | D:10     | Killed a two-headed ogre
  7941 | D:10     | Noticed a wolf spider
  7961 | D:10     | Noticed a manticore
  8176 | D:10     | Reached XP level 11. HP: 95/95 MP: 10/10
  8232 | D:10     | Reached skill level 16 in Axes
  8555 | D:9      | Found a white marble altar of Elyvilon.
  9177 | Lair:1   | Entered Level 1 of the Lair of Beasts
  9184 | Lair:1   | Got a silken robe
  9187 | Lair:1   | Identified the +2 robe "Rituedoj" {Dex+2 Stlth+} (You found it on level 1 of the Lair of Beasts)
  9197 | Lair:1   | Reached skill level 10 in Fighting
  9197 | Lair:1   | Reached XP level 12. HP: 107/107 MP: 10/13
  9800 | Lair:1   | Noticed a six-headed hydra
  9817 | Lair:1   | Killed a one-headed hydra
 10252 | Lair:1   | Received a gift from Trog
 10331 | Lair:1   | Reached skill level 10 in Armour
 12100 | Lair:3   | Identified a scroll of acquirement
 12101 | Lair:3   | Got a jewelled scale mail
 12170 | Lair:3   | Identified the +3 scale mail of the First Snow {rF++ Slay+3} (You acquired it on level 3 of the Lair of Beasts)
 12281 | Lair:3   | Found a hole to the Spider Nest.
 12709 | Lair:4   | Reached XP level 13. HP: 118/118 MP: 14/14
 13264 | Lair:4   | Found a staircase to the Shoals.
 13298 | Lair:4   | Received a gift from Trog
 13811 | Lair:5   | Reached ****** piety under Trog
 13853 | Lair:5   | Found a staircase to the Slime Pits.
 14487 | Lair:6   | Entered Level 6 of the Lair of Beasts
 14487 | Lair:6   | Found a white marble altar of Elyvilon.
 14580 | Lair:6   | Noticed Kirke
 14591 | Lair:6   | Killed Kirke
 14591 | Lair:6   | Reached skill level 10 in Dodging
 14719 | Lair:6   | Found a labyrinth entrance.
 14730 | Lab      | Entered a labyrinth
 15467 | Lab      | Noticed a minotaur
 15472 | Lab      | Killed a minotaur
 15475 | Lab      | Got a crystal broad axe {chop}
 15479 | Lab      | Identified the +9 broad axe of Fate {chop, *Corrode +Rage Int+3} (You took it off a minotaur in a labyrinth)
 15523 | Lab      | Got a creamy pearl robe
 15540 | Lab      | Identified the cursed +1 robe "Dies" {rF- Str+3 Int+5} (You found it in a labyrinth)
 15825 | Lair:6   | Found a runed door.
 15829 | Lair:6   | Received a gift from Trog
 15896 | Lair:6   | Reached XP level 14. HP: 80/132 MP: 15/15
 16181 | Lair:6   | Received a gift from Trog
 17049 | D:11     | Found a staircase to the Orcish Mines.
 17487 | D:11     | Found a roughly hewn altar of Beogh.
 17562 | Orc:1    | Entered Level 1 of the Orcish Mines
 17724 | Orc:1    | Received a gift from Trog
 17771 | Orc:1    | Found Hoxyt's Magic Scroll Shop.
 17958 | Orc:2    | Entered Level 2 of the Orcish Mines
 17981 | Orc:2    | Noticed cirnu's ghost (journeyman DsAK)
 18162 | Orc:2    | Received a gift from Trog
 18433 | Orc:2    | Killed cirnu's ghost
 18433 | Orc:2    | Reached skill level 15 in Fighting
 18766 | Orc:2    | Reached skill level 15 in Armour
 19092 | Orc:2    | Found Ben Rada's Weapon Boutique.
 19092 | Orc:2    | Found Tevesi's General Store.
 19093 | Orc:2    | Found Saloqie's Armour Shop.
 19093 | Orc:2    | Found Diephiz's Antique Armour Boutique.
 19148 | Orc:2    | Bought a pair of transparent gloves for 342 gold pieces
 19148 | Orc:2    | Bought a smoking plate armour for 1008 gold pieces
 19153 | Orc:2    | Identified the cursed +0 pair of gloves of Prudence {+Inv rElec rC+ MP+9} (You bought it in a shop on level 2 of the Orcish Mines)
 19163 | Orc:2    | Identified the +5 plate armour "Qarch" {+Fly rN+} (You bought it in a shop on level 2 of the Orcish Mines)
 19216 | Orc:2    | Found a staircase to the Elven Halls.
 19381 | Orc:2    | Noticed Maurice
 19395 | Orc:2    | Killed Maurice
 19640 | D:12     | Reached skill level 17 in Axes
 19772 | D:12     | Received a gift from Trog
 20130 | D:12     | Noticed Sonja
 20142 | D:12     | Killed Sonja
 20688 | D:13     | Received a gift from Trog
 20967 | D:13     | Reached XP level 15. HP: 135/143 MP: 8/16
 21795 | D:14     | Found a gate to the Vaults.
 22014 | D:14     | Found a large runed door.
 22014 | D:14     | Found a large runed door.
 22687 | D:15     | Entered Level 15 of the Dungeon
 22721 | D:15     | Noticed Azrael
 22731 | D:15     | Killed Azrael
 22732 | D:15     | Received a gift from Trog
 22733 | D:15     | Reached skill level 18 in Axes
 22997 | D:15     | Reached skill level 5 in Evocations
 23273 | D:15     | Noticed a frost giant
 23280 | D:15     | Killed a frost giant
 23511 | D:15     | Found a staircase to the Depths.
 24079 | Shoals:1 | Entered Level 1 of the Shoals
 24691 | Shoals:1 | Received a gift from Trog
 25387 | Shoals:1 | Reached XP level 16. HP: 115/152 MP: 9/19
 25901 | Shoals:2 | Reached skill level 19 in Axes
 26356 | Shoals:2 | Found Coenlim's General Store.
 26407 | Shoals:2 | Received a gift from Trog
 26411 | Shoals:2 | Got a dazzling battleaxe {god gift}
 26412 | Shoals:2 | Identified the +4 battleaxe of Change {antimagic, rPois rN+ Str+3} (Trog gifted it to you on level 2 of the Shoals)
 27619 | Shoals:4 | Entered Level 4 of the Shoals
 28480 | Shoals:4 | HP: 7/155 [merfolk/trident (7)]
 29102 | Shoals:4 | Noticed Polyphemus
 29117 | Shoals:4 | Killed Polyphemus
 29683 | Shoals:4 | HP: 2/232 [merfolk/trident (11)]
 29684 | Shoals:4 | Hit by a tomahawk thrown by a merfolk

Vault maps used:
D:1:      dpeg_arrival_shelter, minmay_tripent
D:2:      wad_river_or_something, makhleb_blood_cavern_becter
D:4:      portal_sewer_entry_d, xom_confusion_cloud
D:5:      first_bread, serial_shops, nicolae_shop_trees, shop,
          serial_co_window_serial, co_window_paths_a, co_window_corner_a,
          co_window_corner_a, co_window_paths_b, co_window_of_opportunity_a,
          co_window_paths_a, co_window_2corner, co_window_corner_cb,
          co_window_broadway_b, co_window_broadway_b, co_window_4corner_b,
          co_window_paths_d
D:6:      grunt_tough_drop
D:7:      minmay_overflow_temple_hex, temple_hall, enter_bailey_3,
          uniq_menkaure, uniq_duvessa
D:8:      minmay_quarter_circles, lair_entry_dummy, serial_shops, shop
D:9:      lemuel_doored_altar
D:10:     onia_ninara_dug_in_and_dangerous
D:11:     minmay_orc_entry_temple_small, grunt_tengu_nest
D:12:     einodemon_armed_red_devil_minivault, uniq_sonja
D:14:     david_vaults_4, kennysheep_nub, lightli_elemental_guards
D:15:     grunt_enter_depths_snipers, minmay_misc_feat_ornament,
          minmay_misc_feat_alley, uniq_azrael
Lair:1:   nicolae_quartered_pool_super, kennysheep_rathole,
          infiniplex_staircase_pool_2
Lair:2:   st_stairs_10
Lair:3:   nicolae_spider_entry_non_spiders
Lair:4:   elwin_shoals_entry_rocks
Lair:5:   minmay_slime_entry_pillars, grunt_megastairs_2
Lair:6:   wormcave, lab_entry_generic, basic_altar, grunt_megastairs_5,
          uniq_kirke
Shoals:1: nicolae_shoals_square_sea_wall, nicolae_shoals_dead_sea_scrolls
Shoals:2: serial_shops, nicolae_shop_behind_doors
Shoals:4: shoals_end_simple, shoal_ilsuiw, nicolae_shoals_undead_eyrie,
          uniq_polyphemus
Orc:1:    serial_shops, nicolae_shop_statue_plus
Orc:2:    st_orc_pillars, uniq_maurice
Lab:      nicolae_lab_grate
Sewer:    sewer_co_15_rooms
Bailey:   bailey_axe_2, bailey

Skill      XL: |  1  2  3  4  5  6  7  8  9 10 11 12 13 14 15 16 |
---------------+-------------------------------------------------+-----
Axes           | 4 5 6 7 8 9 12 14 15 16 17 18 19 | 19.9
Fighting       | 4 5 6 8 10 12 14 15 16 17 | 17.4
Armour         | 4 5 7 8 9 11 13 15 16 | 16.4
Dodging        | 3 4 7 8 10 11 12 13 | 13.4
Evocations     | 2 3 5 7 |  7.1

Action                   |  1- 3 |  4- 6 |  7- 9 | 10-12 | 13-15 | 16-18 || total
-------------------------+-------+-------+-------+-------+-------+-------++-------
Melee: Hand axe          |    68 |    40 |       |       |       |       ||   108
       Headbutt          |    10 |    31 |    61 |    55 |   258 |    96 ||   511
       War axe           |       |   134 |   419 |   285 |   430 |       ||  1268
       Battleaxe         |       |       |       |    12 |   676 |   391 ||  1079
Invok: Berserk           |     1 |     2 |     3 |     2 |     9 |     6 ||    23
       Trog's Hand       |       |     3 |     3 |     2 |    19 |    10 ||    37
       Brothers in Arms  |       |       |     1 |       |    12 |     5 ||    18
       Burn Spellbooks   |       |       |       |       |     2 |       ||     2
 Abil: Evoke Flight      |       |       |       |       |     1 |    13 ||    14
Evoke: Wand              |       |       |       |       |     1 |       ||     1
  Use: Scroll            |       |     6 |    11 |    12 |    14 |     1 ||    44
       Potion            |       |       |     6 |     2 |     8 |     5 ||    21
 Stab: Invisible         |       |       |       |       |     5 |     2 ||     7
       Distracted        |       |       |       |       |       |     1 ||     1
  Eat: Chunk             |       |     9 |    19 |    19 |    39 |    11 ||    97
       Fruit             |       |       |     2 |     2 |    15 |     3 ||    22
       Bread ration      |       |       |       |       |     3 |     3 ||     6
Armor: Animal skin       |     3 |       |       |       |       |       ||     3
       Scale mail        |    27 |    54 |       |       |       |       ||    81
       Plate armour      |       |    38 |   248 |    66 |   395 |   244 ||   991
       Swamp dragon scal |       |       |       |    19 |       |       ||    19
Dodge: Dodged            |    46 |    86 |   143 |   110 |   629 |   259 ||  1273
       Deflected         |       |       |       |       |     6 |       ||     6

Table legend:
 A = Spawn XP
 B = Non-spawn XP
 C = Spawn XP percentage of total XP
 D = Spawn monster count
 E = Non-spawn monster count
 F = Spawn count percentage of total count
 G = Total turns spent on level
                    A         B        C        D         E        F      G
               +---------+---------+-------+---------+---------+-------+---------
         Total |       0 |  195060 |   0.0 |       0 |     943 |   0.0 | 29684
               +---------+---------+-------+---------+---------+-------+---------
           D:1 |       0 |      43 |   0.0 |       0 |      22 |   0.0 |   404
           D:2 |       0 |     133 |   0.0 |       0 |      23 |   0.0 |  1118
           D:3 |       0 |     212 |   0.0 |       0 |      38 |   0.0 |   731
           D:4 |       0 |     667 |   0.0 |       0 |      26 |   0.0 |   942
           D:5 |       0 |     243 |   0.0 |       0 |      10 |   0.0 |  1367
           D:6 |       0 |     946 |   0.0 |       0 |      25 |   0.0 |   731
           D:7 |       0 |    2472 |   0.0 |       0 |      44 |   0.0 |   953
           D:8 |       0 |    2125 |   0.0 |       0 |      30 |   0.0 |   627
           D:9 |       0 |     909 |   0.0 |       0 |      18 |   0.0 |   694
          D:10 |       0 |    3864 |   0.0 |       0 |      22 |   0.0 |   809
          D:11 |       0 |    4366 |   0.0 |       0 |      30 |   0.0 |   966
          D:12 |       0 |   11958 |   0.0 |       0 |      53 |   0.0 |   989
          D:13 |       0 |    3823 |   0.0 |       0 |      29 |   0.0 |   780
          D:14 |       0 |   12509 |   0.0 |       0 |      41 |   0.0 |  1403
          D:15 |       0 |   20735 |   0.0 |       0 |      47 |   0.0 |  1164
        Lair:1 |       0 |    5992 |   0.0 |       0 |      39 |   0.0 |  1559
        Lair:2 |       0 |    4785 |   0.0 |       0 |      23 |   0.0 |  1214
        Lair:3 |       0 |    2597 |   0.0 |       0 |      19 |   0.0 |   818
        Lair:4 |       0 |   11298 |   0.0 |       0 |      35 |   0.0 |  1110
        Lair:5 |       0 |    3376 |   0.0 |       0 |      19 |   0.0 |   761
        Lair:6 |       0 |   16059 |   0.0 |       0 |      41 |   0.0 |  1250
      Shoals:1 |       0 |   15597 |   0.0 |       0 |      32 |   0.0 |  1578
      Shoals:2 |       0 |   17635 |   0.0 |       0 |      33 |   0.0 |  1482
      Shoals:3 |       0 |    7299 |   0.0 |       0 |      13 |   0.0 |   793
      Shoals:4 |       0 |   28468 |   0.0 |       0 |      58 |   0.0 |  1752
         Orc:1 |       0 |     362 |   0.0 |       0 |      10 |   0.0 |   399
         Orc:2 |       0 |   15148 |   0.0 |       0 |     109 |   0.0 |  1598
           Lab |       0 |     730 |   0.0 |       0 |       2 |   0.0 |   829
         Sewer |       0 |     379 |   0.0 |       0 |      18 |   0.0 |   426
        Bailey |       0 |     330 |   0.0 |       0 |      34 |   0.0 |   437
               +---------+---------+-------+---------+---------+-------+---------
